 Dungeon Crawl Stone Soup version 0.18-a0-1570-gf60b0ab (webtiles) character file.

203 Sixotanaka the Conjurer (level 5, -1/31 HPs)
             Began as an Octopode Fire Elementalist on Mar 12, 2016.
             Was an Initiate of Vehumet.
             Slain by a worker ant (6 damage)
             ... on level 3 of the Dungeon on Mar 14, 2016.
             The game lasted 00:10:20 (4003 turns).

Sixotanaka the Conjurer (OpFE)                      Turns: 4003, Time: 00:10:20

Health: -1/31      AC:  1    Str:  7    XL:     5   Next: 81%
Magic:  8/8        EV: 12    Int: 18    God:    Vehumet [......]
Gold:   178        SH:  0    Dex: 13    Spells: 3 memorised, 0 levels left

rFire  . . .     SeeInvis .     g - +0 spear
rCold  . . .     Gourm    .     (no shield)
rNeg   . . .     Faith    .     (helmet restricted)
rPois  .         Spirit   .     (no amulet)
rElec  .         Dismiss  .     (no ring)
rCorr  .         Reflect  .     (no ring)
SustAt .         Harm     .     (no ring)
MR     .....                    (no ring)
Stlth  +++.......               (no ring)
                                (no ring)
                                (no ring)
                                (no ring)

@: not resistant to hostile enchantments, fairly stealthy
A: almost no armour, amphibious, 8 rings, constrict 8, camouflage 1, gelatinous
body 1
a: Renounce Religion


You were on level 3 of the Dungeon.
You worshipped Vehumet.
Vehumet was noncommittal.
You were not hungry.

You visited 2 branches of the dungeon, and saw 6 of its levels.

You collected 178 gold pieces.


Innate Abilities, Weirdness & Mutations

You cannot wear most types of armour.
You are amphibious.
You can wear up to eight rings at the same time.
You can use your tentacles to constrict eight enemies at once.
Your skin changes colour to match your surroundings (Stealth).
Your rubbery body absorbs attacks (AC +1).


   Skills:
 - Level 2.0 Dodging
 - Level 2.6 Stealth
 - Level 2.0 Spellcasting
 + Level 5.5 Conjurations
 - Level 3.0 Fire Magic


You couldn't memorise any spells.
You knew the following spells:

 Your Spells              Type           Power        Failure   Level  Hunger
x - Sticky Flame          Conj/Fire      ###.....     34%         4    #####..
y - Conjure Flame         Conj/Fire      ###.....     12%         3    ###....
z - Flame Tongue          Conj/Fire      ###..        3%          1    #......


Dungeon Overview and Level Annotations

Branches:
Dungeon (5/15)             Temple (1/1) D:4

Altars:
Ashenzari
Cheibriados
Dithmenos
Gozag
Nemelex Xobeh
Okawaru
Pakellas
Qazlal
Sif Muna
Vehumet
The Shining One

Annotations:
D:3 Grinder; Ultraviolent4's ghost, weakling MiBe

Inventory:

Hand Weapons
 g - a +0 spear (weapon)
Missiles
 d - 30 poisoned needles
Armour
 u - the +3 hat of Pondering {ponderous, MR+ MP+10 Int+5}
   (You found it on level 5 of the Dungeon)

   It affects your intelligence (+5).
   It affects your resistance to hostile enchantments.
   It affects your magic capacity (+10).
Jewellery
 m - an uncursed amulet of magic regeneration {unknown}
Scrolls
 e - 7 scrolls of remove curse {unknown}
 h - 2 scrolls of identify {unknown}
 i - 4 scrolls of teleportation {unknown}
 j - 3 scrolls of recharging {unknown}
 n - a scroll of noise {unknown}
 o - a scroll of amnesia {unknown}
 q - a scroll of random uselessness {unknown}
Potions
 f - a potion of heal wounds {unknown}
 k - 2 potions of curing {unknown}
 l - 2 potions of agility {unknown}
 r - a potion of flight {unknown}
Books
 a - a book of Flames
 p - a book of the Dragon
Comestibles
 b - 3 bread rations
 c - 2 slices of pizza
 s - 2 chunks of flesh
 t - a royal jelly

#.#.#........[...# #.#
#...#............# #.#
##..#............####.#
#...(....#......r....#
#.>......#.#.############
#........#.#.# #........#
#........#.#.###.######.#
##.#######.#.a.....# #.#
#.# #.###@..#.# #.# #W#
#.#.....#.# #.#
####.#######.#.....#.#
#.#
..........#........#.#
#.#
...................#.#
#.#
.............8.....#.#
#.#
............8.8..#.#.#
#.#
...........8._.8.#.#.#
#.#
............8.8..#.#.#
#.#


You could see a worker ant.


Message History

You see here 16 arrows.
You feel sick.
You start resting.
You feel sick. x4
You are no longer poisoned.
The phantom is too close now for your liking.
A phantom is nearby!
Wear which item? (? for menu, Esc to quit)
Keep disrobing? [Y]es or [N]o only, please.
Keep disrobing? [Y]es or [N]o only, please.
Keep disrobing? [Y]es or [N]o only, please.
Keep disrobing? [Y]es or [N]o only, please.
Keep disrobing?
You start removing your armour.
You continue taking off the +3 hat of Pondering {ponderous, MR+ MP+10 Int+5}.
The phantom blinks!
You continue taking off the +3 hat of Pondering {ponderous, MR+ MP+10 Int+5}. x3
You finish taking off the +3 hat of Pondering {ponderous, MR+ MP+10 Int+5}.
That put a bit of spring back into your step.
Casting: Flame Tongue
Aiming: Flame Tongue
Okay, then.
Casting: Flame Tongue
Aiming: Flame Tongue
Aim: a phantom The flame tongue hits the phantom.
Casting: Flame Tongue
Aiming: Flame Tongue
Aim: a phantom (lightly damaged)
You miscast Flame Tongue.
You are very lightly contaminated with residual magic.
Nothing appears to happen.
Casting: Flame Tongue
Aiming: Flame Tongue
Aim: a phantom (lightly damaged)
The flame tongue hits the phantom.
The phantom misses you.
The phantom blinks!
The phantom blinks!
The phantom blinks!
The phantom blinks!
The phantom hits you!
* * * LOW HITPOINT WARNING * * *
The phantom hits you but does no damage.
Some of the chunks of flesh in your inventory have rotted away.
A worker ant comes into view.
Your magical contamination has completely faded away.
The worker ant twitches its antennae in your direction.
The phantom blinks!
The phantom blinks!
The worker ant waves its antennae.
The worker ant bites you.
* * * LOW HITPOINT WARNING * * *
The phantom blinks!
The worker ant barely misses you.
There is a stone staircase leading up here.
The worker ant closely misses you.
You climb upwards.
Level annotation: Grinder; Ultraviolent4's ghost, weakling MiBe
There is a stone staircase leading down here.
The worker ant bites you.
* * * LOW HITPOINT WARNING * * *
The worker ant closely misses you. The worker ant bites you!
* * * LOW HITPOINT WARNING * * *
The worker ant bites you.
You die...

Action                   |  1- 3 |  4- 6 || total
-------------------------+-------+-------++-------
Melee: Spear             |    15 |     6 ||    21
 Cast: Flame Tongue      |    52 |    40 ||    92
  Eat: Chunk             |     4 |     3 ||     7
       Royal jelly       |     1 |       ||     1
       Pizza             |       |     1 ||     1

Vault maps used:
D:1:      mainiacjoe_arrival_reflecting_pool, tso_altar
D:2:      grunt_pakellas_basics
D:3:      grunt_temple_overflow_champion_of_chaos, ecumenical_altar_2,
          makhleb_blood_cavern_becter, uniq_grinder, uniq_crazy_yiuf_cottage
D:4:      kennysheep_big_flooded_room, fiery_altar_vehumet,
          lemuel_temple_firewalk_marked, kennysheep_small_circle
D:5:      kennysheep_ying_yang, minitemple, first_bread
Temple:   minmay_temple_bridge_a_8

Notes
Turn   | Place    | Note
--------------------------------------------------------------
     0 | D:1      | Sixotanaka the Octopode Fire Elementalist began the quest for the Orb.
     0 | D:1      | Reached XP level 1. HP: 11/11 MP: 3/3
   471 | D:1      | Reached skill level 2 in Conjurations
   471 | D:1      | Reached XP level 2. HP: 17/17 MP: 3/5
   517 | D:1      | Found a glowing golden altar of the Shining One.
  1114 | D:2      | HP: 4/17 [gnoll/halberd (13)]
  1911 | D:3      | Reached XP level 3. HP: 21/21 MP: 1/6
  1979 | D:3      | Noticed Grinder
  2065 | D:3      | Found a faded altar to an unknown god.
  2160 | D:3      | Noticed Ultraviolent4's ghost (weakling MiBe)
  2197 | D:2      | Reached skill level 3 in Conjurations
  2282 | D:2      | Learned a level 3 spell: Conjure Flame
  2298 | D:2      | Found an oddly glowing altar of Pakellas.
  2598 | D:4      | Reached XP level 4. HP: 27/27 MP: 4/7
  2749 | D:4      | Found a staircase to the Ecumenical Temple.
  2758 | Temple   | Entered the Ecumenical Temple
  2852 | Temple   | Upgraded the game from 0.18-a0-1560-ge216ca8 to 0.18-a0-1570-gf60b0ab
  2945 | D:4      | Noticed an ogre
  2957 | D:4      | Reached skill level 4 in Conjurations
  3272 | D:4      | Reached XP level 5. HP: 31/31 MP: 6/8
  3546 | D:4      | Learned a level 4 spell: Sticky Flame
  3562 | D:4      | Found a radiant altar of Vehumet.
  3562 | D:4      | Noticed a phantom
  3586 | D:4      | Became a worshipper of Vehumet
  3689 | D:5      | Entered Level 5 of the Dungeon
  3743 | D:5      | Reached skill level 5 in Conjurations
  3904 | D:5      | Noticed a centaur
  3999 | D:3      | HP: 5/31 [worker ant (7)]
  4003 | D:3      | Slain by a worker ant

Vanquished Creatures
  A hound (D:5)
  3 worker ants
  2 gnolls (D:2)
  4 adders (D:4)
  A dart slug (D:2)
  6 giant geckos
  2 giant cockroaches (D:2)
  A goblin (D:2)
  2 hobgoblins (D:1)
  3 jackals (D:2)
  A ball python (D:1)
  5 bats
  A giant gecko skeleton (D:4)
  2 giant newts (D:1)
  8 kobolds
  4 rats
46 creatures vanquished.

Vanquished Creatures (others)
  An adder (D:4)
  A giant gecko (D:4)
2 creatures vanquished.

Grand Total: 48 creatures vanquished
